Map: Lerilak Crest

Players

mAro

  • Race: Terran Terran

AgCl - Winner!

  • Race: Protoss Protoss

VOD

Have the link to the VOD?

Description

Time

  • Played on: May 3, 2015, 10:01 p.m.
  • Length: 16:20
Show
View Real Time Build Order
Export as new Build Order

mAro Terran 

Build Orders: MMM Bio 

Get SALT Encoding   

  12  0:03  SCV  
  13  0:15  SCV  
  13  0:19  Supply Depot  
  14  0:28  SCV  
  15  0:29  Refinery  
  15  0:41  SCV  
  16  0:44  Barracks  
  16  0:48  Refinery  
  16  0:53  SCV  
  17  1:05  SCV  
  18  1:17  SCV  
  19  1:29  SCV  
  19  1:32  Reaper  
  21  1:39  Supply Depot  
  21  1:41  Orbital Command  
  21  2:00  Command Center  
  21  2:17  Factory  
  21  2:28  SCV  
  22  2:30  Reaper  
  22  2:40  SCV  
  23  2:52  SCV, Supply Depot  
  23  2:53  Refinery  
  24  3:03  Barracks Reactor  
  24  3:04  SCV  
  25  3:08  Factory Tech Lab  
  25  3:19  Orbital Command  
  25  3:20  SCV  
  26  3:32  SCV  
  27  3:34  Starport  
  27  3:44  SCV, Marine x2  
  27  3:48  Hellion  
  32  3:53  Supply Depot  
  32  3:56  SCV, Barracks  
  32  3:57  Barracks  
  32  3:58  SCV  
  33  4:08  SCV  
  33  4:10  SCV  
  33  4:15  Marine  
  33  4:16  Marine  
  32  4:17  Viking  
  32  4:20  Missile Turret  
  32  4:24  SCV  
  33  4:28  SCV  
  33  4:33  Marine x2  
  33  4:34  Cloaking Field  
  33  4:36  Widow Mine  
  35  4:39  SCV  
  36  4:47  SCV  
  34  4:54  Banshee  
  34  4:58  SCV  
  38  5:00  SCV  
  39  5:10  SCV  
  39  5:12  SCV  
  41  5:14  Marine x2  
  43  5:26  SCV  
  44  5:29  Factory Reactor  
  44  5:32  SCV  
  45  5:38  SCV  
  46  5:44  SCV  
  46  5:45  Marine x2  
  46  5:49  Refinery  
  49  5:50  SCV, Marine x2  
  49  5:51  Refinery  
  49  5:57  SCV  
  53  6:03  SCV  
  54  6:29  Supply Depot  
  54  6:31  Supply Depot  
  54  6:36  Starport Reactor  
  54  6:43  Stimpack  
  54  6:47  Factory Reactor  
  54  6:50  Marine x5  
  54  6:51  SCV x2  
  54  6:53  Medivac  
  63  6:54  Missile Turret  
  63  6:58  Command Center  
  63  7:03  SCV x2  
  63  7:08  Marine x3  
  65  7:09  Marauder  
  65  7:14  Supply Depot  
  70  7:20  SCV x2, Marine  
  70  7:22  Supply Depot  
  73  7:30  Marauder, Marine x3  
  73  7:36  SCV x2  
  80  7:37  Marine  
  80  7:38  Supply Depot  
  80  7:39  Supply Depot, Factory Reactor  
  81  7:48  SCV  
  81  7:50  SCV  
  83  7:52  Marauder  
  83  7:53  Marine x3  
  83  7:54  Medivac x2  
  92  8:00  Supply Depot  
  92  8:09  Marine  
  92  8:10  SCV  
  92  8:11  Marine  
  95  8:13  Marauder  
  95  8:18  Command Center  
  97  8:26  Barracks  
  97  8:27  Barracks  
  96  8:34  Marauder  
  98  8:46  SCV  
  98  8:47  Combat Shields  
  99  8:56  Marauder, Marine x2  
  99  8:59  Marine x2  
  103  9:16  Marine x2  
  105  9:17  Marauder  
  105  9:19  Barracks Reactor x2  
  105  9:20  Orbital Command  
  105  9:23  Widow Mine x2  
  105  9:24  Medivac x2  
  111  9:31  Orbital Command  
  113  9:33  SCV  
  113  9:34  SCV  
  115  9:45  SCV  
  115  9:49  SCV, Marine x4  
  115  9:52  Factory  
  112  9:54  Engineering Bay  
  112  9:56  Engineering Bay  
  112  9:59  Marine x5  
  112  10:02  Medivac x2  
  116  10:17  Widow Mine x2  
  116  10:18  SCV  
  116  10:20  SCV x2  
  124  10:23  Refinery x2  
  123  10:30  Marine x3  
  123  10:31  Orbital Command, Marine x4  
  123  10:32  Medivac x2  
  134  10:37  SCV  
  134  10:38  Terran Infantry Weapons Level 1, Terran Infantry Armor Level 1  
  134  10:39  Factory Tech Lab  
  134  10:41  SCV  
  136  10:44  Supply Depot  
  136  10:45  Supply Depot  
  136  10:51  Marine x6  
  136  10:52  Marine x2  
  136  10:53  SCV  
  142  11:09  Marine x4  
  142  11:10  Widow Mine x3, Marine  
  142  11:36  Marine x3  
  142  11:37  Marine x6  
  134  11:41  Widow Mine x3  
  130  11:47  Medivac x2  
  133  11:54  Marine  
  133  11:55  Marine x2  
  133  11:56  Marine x5  
  124  12:09  Widow Mine  
  126  12:16  Infernal Pre-Igniter  
  126  12:17  Medivac x2  
  122  12:35  Command Center  
  116  12:40  Orbital Command  
  116  12:43  SCV x2  
  113  12:47  Medivac  
  109  12:54  Marine  
  109  12:55  Marine x2  
  113  13:01  SCV  
  113  13:04  SCV  
  114  13:10  SCV  
  114  13:11  Marine x6  
  114  13:12  Medivac  
  123  13:13  SCV, Widow Mine x3  
  123  13:17  Medivac  
  123  13:18  SCV  
  133  13:21  Marine x3  
  136  13:29  Marine x3  
  139  13:41  Widow Mine  
  139  13:42  Armory, Medivac  
  139  13:45  SCV x2  
  139  13:47  Medivac  
  147  13:51  Orbital Command  
  147  13:53  Missile Turret  
  147  13:54  Refinery  
  135  14:08  Marine x2  
  135  14:09  Marine x4  
  129  14:10  Widow Mine x3  
  129  14:11  Marine x2  
  129  14:12  Marine  
  138  14:26  Marine  
  127  14:36  Marine x2  
  121  14:39  Marine x2  
  121  14:40  Medivac, Marine x3  
  121  14:41  Widow Mine x2, Medivac  
  134  14:50  Marine x2  
  134  15:02  Marine x7  
  139  15:07  Barracks  
  139  15:08  Marine  
  139  15:09  Barracks  
  139  15:11  Marine  
  135  15:19  Missile Turret, Marine x2  
  135  15:20  Marine x3  
  139  15:23  Marine x2  
  139  15:24  Medivac x2  
  139  15:26  Marine  
  146  15:29  Marine  
  144  15:44  Command Center  
Show
View Real Time Build Order
Export as new Build Order

AgCl Protoss - Winner!

Build Orders:  

Get SALT Encoding   

  12  0:15  Pylon  
  12  0:18  Pylon  
  12  0:27  Probe  
  13  0:37  Gateway  
  13  0:39  Probe (Chrono Boost)  
  15  0:51  Probe (Chrono Boost)  
  15  0:58  Probe (Chrono Boost)  
  15  1:02  Assimilator  
  16  1:05  Pylon  
  16  1:08  Probe  
  17  1:21  Probe  
  17  1:25  Zealot (Chrono Boost)  
  20  1:32  Cybernetics Core  
  20  1:33  Probe  
  21  1:45  Probe  
  22  1:57  Probe  
  22  2:09  Probe  
  22  2:12  Assimilator  
  23  2:23  Nexus  
  23  2:29  Probe (Chrono Boost)  
  24  2:41  Probe (Chrono Boost)  
  23  2:48  Mothership Core (Chrono Boost)  
  25  2:52  Adept (Chrono Boost)  
  27  3:00  Probe  
  28  3:12  Probe (Chrono Boost)  
  28  3:23  Stargate  
  28  3:25  Probe (Chrono Boost)  
  29  3:33  Probe (Chrono Boost)  
  31  3:42  Probe (Chrono Boost)  
  31  3:44  Assimilator  
  31  3:45  Probe (Chrono Boost)  
  32  3:48  Assimilator  
  32  3:49  Warp Gate  
  32  3:50  Forge, Pylon  
  32  3:53  Probe (Chrono Boost)  
  34  3:56  Probe (Chrono Boost)  
  34  3:59  Probe (Chrono Boost)  
  35  4:05  Probe  
  36  4:11  Probe  
  37  4:17  Probe  
  37  4:24  Probe (Chrono Boost)  
  39  4:26  Oracle (Chrono Boost)  
  39  4:29  Probe (Chrono Boost)  
  41  4:32  Photon Cannon  
  41  4:38  Pylon, Photon Cannon  
  42  4:41  Probe x2 (Chrono Boost)  
  42  4:43  Pylon  
  43  4:47  Probe x2 (Chrono Boost)  
  44  4:55  Phoenix (Chrono Boost)  
  44  4:58  Probe  
  47  5:03  Probe  
  46  5:11  Probe  
  47  5:15  Fleet Beacon  
  47  5:16  Probe (Chrono Boost)  
  48  5:23  Probe (Chrono Boost)  
  47  5:32  Twilight Council  
  47  5:33  Probe (Chrono Boost)  
  47  5:34  Probe (Chrono Boost)  
  48  5:39  Gateway  
  48  5:40  Probe x2 (Chrono Boost)  
  50  5:43  Protoss Air Weapons Level 1 (Chrono Boost)  
  50  5:55  Mothership Core (Chrono Boost)  
  50  5:56  Nexus  
  53  5:58  Probe (Chrono Boost)  
  53  5:59  Pylon, Carrier (Chrono Boost)  
  53  6:09  Probe (Chrono Boost)  
  52  6:15  Probe  
  52  6:16  Pylon  
  52  6:21  Probe  
  53  6:28  Pylon  
  59  6:34  Graviton Catapult (Chrono Boost)  
  59  6:38  Pylon  
  59  6:52  Assimilator  
  59  6:55  Templar Archives  
  59  6:56  Protoss Ground Weapons Level 1 (Chrono Boost), Photon Cannon  
  59  6:58  Pylon  
  59  6:59  Stargate  
  59  7:00  Assimilator  
  59  7:01  Pylon  
  59  7:03  Probe (Chrono Boost)  
  61  7:10  Probe (Chrono Boost)  
  63  7:16  Probe (Chrono Boost)  
  63  7:18  Probe (Chrono Boost)  
  63  7:21  Probe (Chrono Boost)  
  64  7:23  Carrier (Chrono Boost)  
  64  7:25  Psionic Storm  
  64  7:26  Probe  
  64  7:29  Pylon  
  65  7:38  Protoss Air Weapons Level 2 (Chrono Boost)  
  65  7:43  Carrier (Chrono Boost)  
  71  7:49  Probe (Chrono Boost)  
  71  7:50  Probe (Chrono Boost)  
  74  7:55  Probe (Chrono Boost)  
  80  8:00  Pylon  
  80  8:03  Robotics Facility  
  80  8:07  Gateway  
  80  8:09  Probe x2  
  82  8:27  Carrier (Chrono Boost)  
  82  8:30  Pylon  
  82  8:34  Carrier (Chrono Boost)  
  93  8:58  Photon Cannon  
  93  9:00  Pylon  
  94  9:03  Observer (Chrono Boost)  
  94  9:17  Observer (Chrono Boost)  
  95  9:29  Carrier (Chrono Boost)  
  95  9:32  Carrier (Chrono Boost)  
  103  10:12  High Templar x2  
  107  10:16  Protoss Air Weapons Level 3 (Chrono Boost)  
  107  10:41  Nexus  
  107  10:54  Dark Shrine  
  107  10:59  Zealot  
  109  11:07  Protoss Shields Level 1 (Chrono Boost)  
  109  11:11  High Templar x2  
  113  11:34  Archon x2  
  113  11:51  Zealot x2  
  117  12:29  Dark Templar x2  
  121  12:38  Dark Templar  
  106  13:05  Photon Cannon  
  104  13:12  High Templar x3  
  110  13:21  Gateway, Phoenix (Chrono Boost)  
  110  13:22  Pylon  
  110  13:25  Gateway  
  112  13:35  Nexus, Pylon  
  112  13:36  Gateway  
  112  13:40  Gateway  
  112  13:48  High Templar, Assimilator  
  114  14:06  Archon  
  114  14:10  High Templar x2  
  118  14:23  Protoss Air Armor Level 1 (Chrono Boost)  
  118  14:39  Zealot x3  
  124  14:46  Photon Cannon  
  124  14:49  Assimilator  
  124  14:51  Pylon  
  124  14:53  Pylon  
  124  14:57  Dark Templar  
  124  14:58  Dark Templar  
  128  15:02  Dark Templar x2  
  128  15:03  High Templar  
  124  15:39  Probe, Photon Cannon x2  
  124  15:40  Photon Cannon  
  125  15:43  Pylon  
  125  16:00  Gateway, Pylon  
  125  16:02  Gateway  
Tags
 
Composition
MMM Bio
Matchup
PvT
Add a new tag
Caveats
  • Supply blocks, unpowered buildings, or Contaminate may cause inaccurate times.
  • Supply counts are checked every 10 seconds.